 Dungeon Crawl Stone Soup version 0.23.2-1-ga50397a (webtiles) character file.

Game seed: 1784817474266954176

29 vlazyslath the Grave Robber (level 3, -1/24 HPs)
             Began as a Vampire Necromancer on May 6, 2019.
             Slain by a worker ant (8 damage)
             ... on level 4 of the Dungeon.
             The game lasted 00:12:15 (1775 turns).

vlazyslath the Grave Robber (Vampire Necromancer)   Turns: 1775, Time: 00:12:15

Health: -1/24      AC:  0    Str:  7    XL:     3   Next: 1%
Magic:  6/6        EV: 20    Int: 18    God:
Gold:   165        SH:  0    Dex: 19    Spells: 1/6 levels left

rFire    . . .     SeeInvis +   (weapon currently unavailable)
rCold    + . .     Gourm    .   (shield currently unavailable)
rNeg     + + .     Faith    .   (armour currently unavailable)
rPois    +         Spirit   .   (helmet currently unavailable)
rElec    .         Reflect  .   (cloak currently unavailable)
rCorr    .         Harm     .   (gloves currently unavailable)
MR       .....                  (boots currently unavailable)
Stlth    +++++.....             (no amulet)
HPRegen  0.04/turn              (ring currently unavailable)
MPRegen  0.10/turn              (ring currently unavailable)

@: bat-form, flying, regenerating slowly, very quick
A: tiny, fangs 3, see invisible
a: End Transformation


You were on level 4 of the Dungeon.
You were thirsty.
You were in vampire-bat-form.
You visited 1 branch of the dungeon, and saw 4 of its levels.

You collected 165 gold pieces.

Inventory:

Hand Weapons
 i - a +0 dagger (melded)
Armour
 a - a +0 robe (melded)
 j - a +2 hat
Scrolls
 b - 4 scrolls of teleportation {unknown}
 e - a scroll of magic mapping {unknown}
 l - a scroll of identify {unknown}
 m - a scroll of fear {unknown}
Potions
 c - 5 potions of blood
 d - a potion of resistance {unknown}
 f - 3 potions of haste {unknown}
 g - a potion of invisibility {unknown}
 h - a potion of brilliance {unknown}
 k - a potion of agility {unknown}
 n - a potion of heal wounds {unknown}


   Skills:
 - Level 2.1 Dodging
 - Level 3.0 Stealth
 + Level 2.4 Spellcasting
 * Level 5.2 Necromancy


You had one spell level left.
You knew the following spells:

 Your Spells              Type           Power        Failure   Level  Hunger
a - Pain                  Necr           ###.         1%          1    #......
b - Animate Skeleton      Necr           N/A          1%          1    #......
c - Regeneration          Chrm/Necr      ##........   19%         3    ###....

Your spell library contained the following spells:

 Spells                   Type           Power        Failure   Level  Hunger
 Vampiric Draining        Necr           ###.......   6%          3    ###....
 Animate Dead             Necr           N/A          21%         4    #####..


Dungeon Overview and Level Annotations

Branches:
Dungeon (4/15)
 Temple: D:4-7

Altars:

Annotations:
D:3 1 runed translucent door, myga's ghost, amateur DDFi


Innate Abilities, Weirdness & Mutations

You heal slowly.
You have razor-sharp teeth.
You have supernaturally acute eyesight. (SInv)
((You can survive without breathing.))


Message History

An orc wizard comes into view. It is wielding a +0 dagger.
The orc wizard shouts!
The ball python hisses angrily.
The orc wizard gestures wildly while chanting.
The orc wizard blinks!
The orc wizard casts a spell at you. The magic dart hits you!
Found a stone staircase leading up.
The orc wizard points at you and mumbles some strange words.
The magic dart hits you!
* * * LOW HITPOINT WARNING * * *
A giant cockroach comes into view.
Found 14 gold pieces.
A worker ant comes into view.
Found 8 arrows.
A frilled lizard comes into view.
You see here 14 gold pieces.
The worker ant twitches its antennae in your direction.
The worker ant bites you!
You die...

#.........#
#......o..#
#....o....#
##......$..#
............#
###...S.....#
#.........#
#(........#
#lb.......#
#.a......##
#.#.....##
#.####### #.#
###


You could see a worker ant, 2 orc wizards, a ball python and a frilled lizard
(sleeping).

Vanquished Creatures
  A dart slug (D:1)
  A leopard gecko (D:2)
  A giant cockroach (D:1)
  3 goblins
  4 hobgoblins
  2 kobolds (D:1)
  A ball python (D:1)
  4 bats (D:1)
  4 frilled lizards
  5 rats (D:1)
26 creatures vanquished.

Vanquished Creatures (collateral kills)
  A ball python (D:1)
1 creature vanquished.

Grand Total: 27 creatures vanquished

Notes
Turn   | Place    | Note
-------+----------+-------------------------------------------
     0 | D:1      | vlazyslath the Vampire Necromancer began the quest for the
                  | Orb.
     0 | D:1      | Reached XP level 1. HP: 13/13 MP: 3/3
     2 | D:1      | Learned a level 1 spell: Animate Skeleton
   213 | D:1      | Reached XP level 2. HP: 12/19 MP: 3/5
   478 | D:1      | Reached skill level 5 in Necromancy
  1220 | D:2      | Reached XP level 3. HP: 21/24 MP: 4/6
  1618 | D:3      | Found a runed translucent door.
  1620 | D:3      | Noticed myga's ghost (amateur DDFi)
  1664 | D:3      | Learned a level 3 spell: Regeneration
  1775 | D:4      | Slain by a worker ant

Skill      XL: |  1  2 |
---------------+-------+-----
Necromancy     | 5 |  5.2
Dodging        | |  2.1
Stealth        | |  3.0
Spellcasting   | |  2.4

Action                   || total
-------------------------++-------
Melee: Dagger            ||     8
       Bite              ||     4
       Unarmed           ||     4
 Cast: Pain              ||    48
       Animate Skeleton  ||     4
 Abil: Bat Form          ||     1
  Use: Potion            ||     1
Armor: Robe              ||    12
Dodge: Dodged            ||    22
